Map: Bridgehead LE (Void)

Players

wabbajack

  • Race: Zerg Zerg
  • League: Gold

StoneCold - Winner!

  • Race: Terran Terran
  • League: Gold

VOD

Have the link to the VOD?

Description

Time

  • Played on: July 19, 2015, 7:21 p.m.
  • Length: 8:12
Show
View Real Time Build Order
Export as new Build Order

wabbajack Zerg 

Build Orders: Pool First 

Get SALT Encoding   

  12  0:01  Drone  
  13  0:14  Overlord  
  13  0:25  Drone  
  14  0:28  Extractor  
  14  0:29  Drone  
  14  0:32  Drone  
  16  0:39  Drone, Extractor  
  16  0:56  Spawning Pool  
  15  1:02  Drone x2  
  17  1:09  Drone  
  18  1:24  Hatchery  
  17  1:32  Drone  
  17  1:33  Drone  
  19  1:45  Queen  
  21  1:52  Metabolic Boost  
  21  2:06  Zergling x2  
  21  2:08  Overlord  
  22  2:24  Pneumatized Carapace  
  22  2:31  Zergling x4  
  22  2:32  Zergling x2  
  22  2:35  Queen  
  27  2:54  Zergling x2  
  27  2:55  Zergling x6  
  31  3:25  Overlord x2  
  31  3:26  Drone  
  35  3:27  Drone x3  
  32  3:48  Zergling x2  
  32  3:49  Zergling x12  
  38  4:02  Baneling Nest  
  37  4:06  Drone  
  37  4:07  Drone x5  
  43  4:24  Lair  
  43  4:27  Queen  
  43  4:28  Overlord  
  45  4:37  Hatchery  
  26  5:33  Spore Crawler x2  
  20  5:39  Hydralisk Den  
  20  5:40  Spore Crawler  
  18  5:46  Spore Crawler  
  18  5:48  Lair  
  17  6:06  Spore Crawler, Spine Crawler  
  17  6:10  Spine Crawler  
  17  6:11  Drone x13  
  15  6:12  Drone x3  
  30  6:30  Queen  
  32  6:38  Drone x2  
  32  6:39  Drone  
  35  6:41  Drone  
  35  6:43  Drone  
  35  6:45  Drone  
  38  6:47  Drone  
  39  6:57  Drone  
  39  6:58  Drone  
  41  7:06  Extractor  
  40  7:16  Hydralisk  
  40  7:17  Hydralisk x4  
  40  7:20  Overseer  
  43  7:30  Hydralisk, Extractor  
  43  7:35  Spore Crawler  
  43  7:36  Spore Crawler  
  44  7:49  Drone  
Show
View Real Time Build Order
Export as new Build Order

StoneCold Terran - Winner!

Build Orders:  

Get SALT Encoding   

  12  0:01  SCV  
  13  0:13  SCV  
  14  0:18  Supply Depot  
  14  0:25  SCV  
  15  0:40  SCV  
  16  0:46  Barracks  
  16  0:52  SCV  
  16  0:53  Refinery  
  17  1:04  SCV  
  17  1:06  Refinery  
  18  1:16  SCV  
  19  1:28  SCV  
  20  1:33  Supply Depot, Marine  
  20  1:41  Orbital Command  
  20  1:51  Marine  
  21  1:55  Factory  
  21  2:07  SCV  
  22  2:09  Marine  
  23  2:19  SCV  
  24  2:27  Marine  
  25  2:32  SCV  
  26  2:40  Starport  
  26  2:43  Factory Tech Lab, Starport  
  26  2:49  Supply Depot  
  26  2:51  SCV  
  26  2:52  Barracks Tech Lab  
  27  3:03  SCV  
  28  3:15  SCV  
  29  3:28  SCV  
  29  3:30  Banshee  
  29  3:33  Supply Depot  
  33  3:34  Banshee  
  33  3:35  Marine, Widow Mine  
  35  3:59  Marine  
  36  4:03  Widow Mine  
  38  4:13  Banshee  
  41  4:17  Banshee  
  44  4:27  Marine  
  45  4:42  SCV  
  45  4:44  Supply Depot  
  46  4:47  Marine  
  47  4:53  Command Center  
  46  5:11  SCV  
  46  5:27  Command Center, Marine, Widow Mine  
  49  5:29  Banshee  
  52  5:35  Banshee  
  55  5:48  Supply Depot  
  55  5:56  Armory  
  55  6:06  Factory Tech Lab  
  55  6:08  Factory Reactor  
  55  6:09  SCV  
  55  6:10  Liberator x2  
  56  6:21  SCV  
  63  6:38  SCV  
  64  6:44  Orbital Command  
  64  6:50  SCV  
  65  7:02  SCV  
  66  7:11  SCV  
  66  7:14  SCV  
  65  7:21  Banshee x2  
  71  7:23  SCV  
  71  7:27  SCV, Hellion x2  
  77  7:34  Refinery  
  77  7:35  SCV, Refinery  
  78  7:38  Factory  
  78  7:43  SCV  
Tags
 
Add a new tag
Caveats
  • Supply blocks, unpowered buildings, or Contaminate may cause inaccurate times.
  • Supply counts are checked every 10 seconds.